 Dungeon Crawl Stone Soup version 0.22.1-2-g9c5b331 (webtiles) character file.

1253 thomasnlv21 the Chopper (level 8, -1/71 HPs)
             Began as a Minotaur Berserker on Nov 19, 2018.
             Was an Elder of Trog.
             Slain by a killer bee (3 damage)
             ... on level 6 of the Dungeon.
             The game lasted 00:15:49 (5189 turns).

thomasnlv21 the Chopper (Minotaur Berserker)        Turns: 5189, Time: 00:15:49

Health: -1/71      AC:  7    Str: 24    XL:     8   Next: 26%
Magic:  7/7        EV: 12    Int:  4    God:    Trog [****..]
Gold:   369        SH:  0    Dex: 10    Spells: 7/7 levels left

rFire    . . .     SeeInvis .   u - +1 war axe (chop)
rCold    + . .     Gourm    .   (no shield)
rNeg     . . .     Faith    .   f - +0 scale mail
rPois    +         Spirit   .   (helmet restricted)
rElec    .         Reflect  .   (no cloak)
rCorr    .         Harm     .   (no gloves)
MR       .....                  (no boots)
Stlth    ++........             (no amulet)
HPRegen  0.21/turn              j - ring of stealth
MPRegen  0.10/turn              o - ring of protection from cold

@: lethally poisoned (-1 -> -2), berserk cooldown
A: retaliatory headbutt, horns 2, sense surroundings 1, poison resistance
a: Berserk, Trog's Hand, Brothers in Arms, Renounce Religion


You were on level 6 of the Dungeon.
You worshipped Trog.
Trog was greatly pleased with you.
You were not hungry.

You visited 1 branch of the dungeon, and saw 7 of its levels.

You collected 369 gold pieces.

Inventory:

Hand Weapons
 a - a +0 hand axe
 m - a +2 spear of venom
 s - a +2 trident of flaming
 u - a +1 war axe of chopping (weapon)
Armour
 f - a +0 scale mail (worn)
 t - a +0 shield
Jewellery
 g - an uncursed ring of resist corrosion
 h - an uncursed ring of wizardry
 j - a ring of stealth (left hand)
 o - a ring of protection from cold (right hand)
Scrolls
 d - 4 scrolls of identify
 k - 5 scrolls of remove curse
 q - 2 scrolls of teleportation
 r - a scroll of magic mapping
Potions
 e - a potion of flight
 i - 3 potions of cancellation
 n - 2 potions of heal wounds
 p - a potion of curing
Comestibles
 c - 10 rations
 l - 2 chunks of flesh


   Skills:
 * Level 6.7 Fighting
 * Level 6.8 Axes
 * Level 6.0 Armour
 + Level 4.6 Dodging
 + Level 2.5 Stealth
 + Level 3.0 Shields


You had 7 spell levels left.
You didn't know any spells.
Your spell library was empty.

Dungeon Overview and Level Annotations

Branches:
Dungeon (7/15)
 Temple: D:4-7

Altars:
Ashenzari
Okawaru
Qazlal
Ru
Vehumet
Yredelemnul
Zin


Innate Abilities, Weirdness & Mutations

You reflexively headbutt those who attack you in melee.
You have a pair of horns on your head.
You passively map a small area around you.
Your system is resistant to poisons. (rPois)


Message History

a great sword; a robe; a dagger; a robe; an orc corpse The adder hisses angrily.
The killer bee closely misses you.
There is a stone staircase leading up here.
* * * LOW HITPOINT WARNING * * *
You feel sick. The killer bee barely misses you. The orc barely misses you.
You furiously retaliate!
You headbutt the orc!
You kill the orc!
Trog accepts your kill. The orc priest closely misses you.
The killer bee barely misses you. You furiously retaliate!
You headbutt the killer bee, but do no damage.
You climb upwards.
There is a stone staircase leading down here.
You barely miss the orc priest. You headbutt the orc priest!
The orc priest is severely wounded.
You closely miss the killer bee.
* * * LOW HITPOINT WARNING * * *
You feel sick. The killer bee closely misses you. The killer bee stings you.
You die...

#..### #.# #.#.# #(.# #.#
#.#.# #..# #.# ###.#.#
#..# #.####...#.# #..#
#.##.....#.#
#..#####.##.###.#.#
#..#........# #...#
#####..#.######y###.###
.......#.# ##..@...#
#####.##.####...o..######
#.##................#
#.#######......####.# #.#
##....## #.# #)# ###.#.#
#.# #.# #.....# #.#
#.#######.###.# #.#
#.........(##.# #.#


You could see a killer bee and an orc priest.

Vanquished Creatures
  A black bear (D:6)
  2 bullfrogs
  2 scorpions
  2 killer bees (D:7)
  3 wights (D:7)
  A crimson imp (D:5)
  A bullfrog zombie (D:5)
  A centaur zombie (D:6)
  A hound (D:7)
  5 orc priests
  A jelly (D:6)
  4 orc wizards
  An iguana (D:5)
  A worker ant (D:6)
  Robin (D:3)
  7 adders
  A shadow imp (D:6)
  2 adder zombies (D:7)
  4 worms
  A dart slug (D:1)
  7 leopard geckos
  24 orcs
  2 ball pythons
  6 giant cockroaches
  10 hobgoblins
  11 jackals
  7 quokkas
  4 bats
  3 frilled lizards
  16 goblins
  9 kobolds
  A quokka skeleton (D:6)
  9 rats
151 creatures vanquished.

Vanquished Creatures (others)
  A goblin (D:3)
1 creature vanquished.

Grand Total: 152 creatures vanquished

Notes
Turn   | Place    | Note
-------+----------+-------------------------------------------
     0 | D:1      | thomasnlv21 the Minotaur Berserker began the quest for the
                  | Orb.
     0 | D:1      | Reached XP level 1. HP: 19/19 MP: 0/0
     3 | D:1      | Noticed an electric eel
     3 | D:1      | Noticed an electric eel
   490 | D:1      | Reached XP level 2. HP: 25/27 MP: 1/1
   944 | D:2      | Reached XP level 3. HP: 33/33 MP: 2/2
   950 | D:2      | Gained mutation: You passively map a small area around you.
                  | [potion of mutation]
   950 | D:2      | Gained mutation: Your system is resistant to poisons.
                  | (rPois) [potion of mutation]
   955 | D:2      | Reached ** piety under Trog
  1398 | D:2      | Reached XP level 4. HP: 41/41 MP: 3/3
  1747 | D:3      | Noticed Robin
  1761 | D:3      | Killed Robin
  1963 | D:3      | Found a faded altar of an unknown god.
  2047 | D:3      | Reached *** piety under Trog
  2116 | D:3      | Reached XP level 5. HP: 41/47 MP: 4/4
  2382 | D:4      | Reached skill level 1 in Stealth
  2954 | D:4      | Found a stormy altar of Qazlal.
  2956 | D:4      | Found a glowing silver altar of Zin.
  3024 | D:4      | Found a radiant altar of Vehumet.
  3024 | D:4      | Found an iron altar of Okawaru.
  3026 | D:4      | Found a shattered altar of Ashenzari.
  3085 | D:5      | Entered Level 5 of the Dungeon
  3346 | D:5      | Reached skill level 5 in Fighting
  3346 | D:5      | Reached skill level 5 in Axes
  3414 | D:5      | Found a sacrificial altar of Ru.
  3642 | D:5      | Reached XP level 6. HP: 53/56 MP: 5/5
  3748 | D:5      | Reached skill level 1 in Shields
  3829 | D:5      | Found a basalt altar of Yredelemnul.
  4175 | D:6      | Reached **** piety under Trog
  4296 | D:6      | Reached XP level 7. HP: 42/61 MP: 6/6
  4707 | D:6      | Reached skill level 5 in Armour
  5162 | D:7      | Reached XP level 8. HP: 71/71 MP: 7/7
  5185 | D:7      | HP: 3/71 [killer bee (5)]
  5189 | D:6      | Slain by a killer bee

Skill      XL: |  1  2  3  4  5  6  7  8 |
---------------+-------------------------+-----
Fighting       | 4 5 6 |  6.7
Axes           | 4 5 6 |  6.8
Armour         | 3 4 5 6 |  6.0
Dodging        | 3 4 |  4.6
Stealth        | 1 2 |  2.5
Shields        | 1 2 3 |  3.0

Action                   |  1- 3 |  4- 6 |  7- 9 || total
-------------------------+-------+-------+-------++-------
Melee: Hand axe          |    61 |   178 |    38 ||   277
       Headbutt          |     9 |    32 |    11 ||    52
       War axe           |       |       |    32 ||    32
Invok: Berserk           |       |     1 |     3 ||     4
  Use: Scroll            |     5 |     1 |     1 ||     7
       Potion            |     2 |     3 |     1 ||     6
  Eat: Chunk             |     1 |    10 |     6 ||    17
Armor: Animal skin       |     6 |       |       ||     6
       Ring mail         |     5 |       |       ||     5
       Scale mail        |    18 |    75 |    50 ||   143
Dodge: Dodged            |    59 |   126 |    86 ||   271
